Map: 烏瑞那

Players

HoY

  • Race: Protoss Protoss
  • League: Diamond

Raviver - Winner!

  • Race: Zerg Zerg
  • League: Diamond

VOD

Have the link to the VOD?

Description

Time

  • Played on: Dec. 1, 2015, 12:22 a.m.
  • Length: 8:20
Show
View Real Time Build Order
Export as new Build Order

HoY Protoss 

Build Orders:  

Get SALT Encoding   

  12  0:00  Probe (Chrono Boost)  
  13  0:11  Probe (Chrono Boost)  
  14  0:19  Pylon  
  14  0:24  Probe (Chrono Boost)  
  15  0:40  Probe (Chrono Boost)  
  16  0:48  Pylon  
  16  1:07  Gateway  
  16  1:09  Gateway  
  16  1:11  Gateway  
  16  1:19  Gateway  
  16  1:33  Pylon  
  16  1:44  Probe (Chrono Boost)  
  17  1:55  Zealot (Chrono Boost)  
  17  2:00  Zealot (Chrono Boost)  
  25  2:10  Zealot (Chrono Boost)  
  25  2:12  Zealot (Chrono Boost)  
  25  2:19  Zealot (Chrono Boost)  
  27  2:27  Zealot (Chrono Boost)  
  33  2:38  Zealot (Chrono Boost)  
  33  2:39  Zealot (Chrono Boost)  
  33  2:43  Zealot (Chrono Boost)  
  31  2:56  Zealot (Chrono Boost)  
  33  3:05  Zealot (Chrono Boost)  
  35  3:06  Forge  
  35  3:10  Zealot (Chrono Boost)  
  35  3:11  Pylon  
  37  3:38  Assimilator  
  37  3:39  Cybernetics Core  
  37  3:52  Assimilator  
  35  4:10  Probe  
  30  4:22  Probe  
  31  4:31  Nexus  
  27  4:37  Probe  
  28  4:47  Photon Cannon  
  28  4:48  Nexus  
  28  4:50  Stargate  
  28  4:53  Probe  
  29  5:02  Pylon  
  29  5:12  Probe  
  30  5:24  Mothership Core  
  32  5:34  Void Ray (Chrono Boost)  
  36  5:46  Probe  
  37  5:54  Assimilator  
  37  6:01  Probe  
  38  6:04  Probe  
  39  6:12  Void Ray (Chrono Boost)  
  39  6:18  Probe  
  44  6:28  Probe  
  45  6:36  Pylon  
  45  6:39  Probe  
  46  6:49  Void Ray (Chrono Boost)  
  46  6:52  Probe  
  51  6:57  Stargate  
  51  7:00  Pylon  
  51  7:04  Probe  
  52  7:14  Probe  
  53  7:25  Probe  
  53  7:28  Void Ray (Chrono Boost)  
  58  7:35  Probe  
  58  7:37  Assimilator  
  59  7:46  Probe  
  60  8:11  Fleet Beacon  
  62  8:14  Pylon  
Show
View Real Time Build Order
Export as new Build Order

Raviver Zerg - Winner!

Build Orders: Hatch First 

Get SALT Encoding   

  12  0:01  Drone  
  13  0:08  Drone  
  14  0:17  Overlord  
  14  0:25  Drone, Extractor  
  15  0:36  Drone  
  15  0:37  Drone  
  17  0:56  Hatchery  
  16  1:03  Drone x2  
  18  1:25  Spawning Pool  
  17  2:14  Spine Crawler  
  16  2:15  Spine Crawler  
  16  2:17  Spine Crawler, Queen  
  16  2:18  Zergling x8  
  16  2:20  Queen  
  16  2:21  Zergling x2  
  23  2:30  Zergling x2  
  23  2:31  Zergling x2  
  25  2:45  Spine Crawler  
  23  2:58  Queen  
  25  2:59  Queen  
  25  3:04  Overlord  
  25  3:05  Overlord  
  27  3:35  Zergling x2  
  27  3:36  Zergling x12  
  32  3:51  Drone  
  32  3:52  Drone x5  
  32  3:55  Extractor  
  30  4:19  Drone x8  
  38  4:31  Zergling x4  
  40  4:42  Roach Warren  
  39  4:56  Drone x5  
  39  4:58  Extractor  
  43  5:01  Extractor  
  43  5:06  Spore Crawler  
  41  5:08  Spore Crawler  
  40  5:18  Drone x4, Overlord  
  40  5:19  Overlord  
  44  5:31  Overlord  
  44  5:39  Lair  
  44  5:52  Drone x3  
  44  5:53  Drone x6  
  53  6:13  Spore Crawler  
  53  6:15  Extractor  
  51  6:32  Hatchery  
  50  6:39  Drone  
  52  6:40  Drone x5, Overlord  
  52  6:41  Overlord  
  56  6:50  Drone, Glial Reconstitution  
  57  6:59  Hydralisk Den  
  56  7:02  Roach x7  
  56  7:06  Roach  
  56  7:07  Roach  
  74  7:11  Overlord  
  74  7:37  Overlord x2  
  74  7:38  Hydralisk x3  
  74  7:39  Hydralisk  
  82  7:55  Hydralisk x4  
Tags
 
Add a new tag
Caveats
  • Supply blocks, unpowered buildings, or Contaminate may cause inaccurate times.
  • Supply counts are checked every 10 seconds.